 Dungeon Crawl Stone Soup version 0.20.1-1-g8b1a95d (webtiles) character file.

412 StigmataCrucible the Cudgeler (level 6, 0/61 HPs)
             Began as a Troll Berserker on Aug 30, 2017.
             Was a Believer of Trog.
             Succumbed to ThereIsNoGod's ghost's poison
             ... on level 5 of the Dungeon.
             The game lasted 00:57:01 (3980 turns).

StigmataCrucible the Cudgeler (Troll Berserker)     Turns: 3980, Time: 00:57:01

Health: 0/61       AC:  5    Str: 26    XL:     6   Next: 59%
Magic:  5/5        EV: 11    Int:  3    God:    Trog [**....]
Gold:   202        SH:  0    Dex: 11    Spells: 5/5 levels left

rFire    . . .     SeeInvis .   p - +1 mace (crush)
rCold    . . .     Gourm    +   (no shield)
rNeg     . . .     Faith    .   b - +0 animal skin
rPois    .         Spirit   .   (helmet restricted)
rElec    .         Reflect  .   (no cloak)
rCorr    .         Harm     .   (gloves unavailable)
MR       .....                  (boots unavailable)
Stlth    +.........             (no amulet)
Regen    0.6/turn               (no ring)
MPRegen  0.1/turn               (no ring)

@: lethally poisoned (0 -> -5)
A: unfitting armour, claws 3, fast metabolism 3, gourmand, regeneration 1,
shaggy fur 1, tough skin 2
a: Berserk, Trog's Hand, Burn Spellbooks, Renounce Religion


You were on level 5 of the Dungeon.
You worshipped Trog.
Trog was pleased with you.
You were completely stuffed.

You visited 1 branch of the dungeon, and saw 5 of its levels.

You collected 202 gold pieces.

Inventory:

Hand Weapons
 a - a +1 mace
 e - a +0 hunting sling
 j - a +0 dagger
 k - a +0 club
 l - a +0 hand axe
 m - a +0 club
 p - a +1 mace of crushing (weapon)
 q - a +0 whip
 r - a +2 spear of flaming
 y - a +0 trident
 B - a +0 club
 E - a +0 short sword
Missiles
 g - 88 stones
 h - 124 arrows
 o - 44 sling bullets (quivered)
Armour
 b - a +0 animal skin (worn)
 f - a +0 pair of boots
 s - a +0 robe
 t - a cursed +0 scale mail
 C - a +0 leather armour
Jewellery
 z - an uncursed amulet of regeneration {unknown}
Scrolls
 c - 2 scrolls of remove curse
 u - a scroll of immolation
Potions
 i - 2 potions of lignification
 n - a potion of ambrosia
 v - a potion of mutation {unknown}
 w - a potion of heal wounds {unknown}
 x - a potion of might {unknown}
Comestibles
 d - a bread ration
 A - 4 chunks of flesh


   Skills:
 + Level 3.5 Fighting
 + Level 5.1 Maces & Flails
 + Level 0.2 Slings
 + Level 3.6 Dodging
 + Level 0.6 Stealth


You had 5 spell levels left.
You didn't know any spells.

Dungeon Overview and Level Annotations

Branches:
Dungeon (5/15)
 Temple: D:4-7

Altars:
Dithmenos
Nemelex Xobeh
Sif Muna

Annotations:
D:3 Frank's ghost, amateur OpMo
D:5 ThereIsNoGod's ghost, novice DrIE


Innate Abilities, Weirdness & Mutations

You are too large for most types of armour.
You have claws for hands.
Your metabolism is lightning-fast.
You like to eat raw meat.
Your natural rate of healing is unusually fast.
You are covered in fur. (AC +1)
You have very tough skin. (AC +2)


Message History

ThereIsNoGod's ghost is lightly damaged.
ThereIsNoGod's ghost hits you!
You are poisoned.
You closely miss ThereIsNoGod's ghost.
ThereIsNoGod's ghost is lightly damaged.
You feel sick.
ThereIsNoGod's ghost completely misses you.
You hit ThereIsNoGod's ghost.
ThereIsNoGod's ghost is lightly damaged.
You feel sick.
The ogre hits you with a giant spiked club!!
* * * LOW HITPOINT WARNING * * *
ThereIsNoGod's ghost hits you!
* * * LOW HITPOINT WARNING * * *
You are more poisoned.
You feel sick.
ThereIsNoGod's ghost hits you but does no damage.
You feel sick. ThereIsNoGod's ghost hits you!
* * * LOW HITPOINT WARNING * * *
You die...

.................##...
......................
..##.....##......##...
######.....##########...
.................. #....
.................. #....
.................. #....
########...####.....
##... #.....##.@.##
##### #... #...........#
..... #.......WO..#
...... #...........#
...>.. #.##..####+## #
#'## ... .... .....


You could see an ogre and ThereIsNoGod's ghost.

Vanquished Creatures
  2 orc wizards (D:5)
  An orc priest (D:5)
  An iguana (D:4)
  Natasha (thrice) (D:3)
  2 worker ants
  Terence (D:3)
  5 adders
  3 gnolls (D:3)
  An ooze (D:4)
  3 worms
  A leopard gecko (D:1)
  8 orcs
  A ball python (D:1)
  7 bats
  3 giant cockroaches
  3 goblins
  4 hobgoblins
  4 jackals (D:2)
  3 kobolds
  2 quokkas
  6 frilled lizards
  A jackal zombie (D:4)
  2 leopard gecko skeletons
  7 rats
74 creatures vanquished.

Notes
Turn   | Place    | Note
-------+----------+-------------------------------------------
     0 | D:1      | StigmataCrucible the Troll Berserker began the quest for the Orb.
     0 | D:1      | Reached XP level 1. HP: 22/22 MP: 0/0
   277 | D:1      | Reached XP level 2. HP: 27/29 MP: 1/1
   470 | D:1      | Reached skill level 3 in Maces & Flails
   927 | D:2      | Found a faded altar of an unknown god.
  1125 | D:2      | Reached XP level 3. HP: 35/36 MP: 2/2
  1790 | D:3      | Found a deep blue altar of Sif Muna.
  1790 | D:3      | Noticed Frank's ghost (amateur OpMo)
  1794 | D:3      | Found a sparkling altar of Nemelex Xobeh.
  1805 | D:3      | Noticed Terence
  1824 | D:3      | Killed Terence
  1824 | D:3      | Reached XP level 4. HP: 26/45 MP: 3/3
  1882 | D:3      | Reached skill level 4 in Maces & Flails
  1943 | D:3      | Reached ** piety under Trog
  2172 | D:3      | Noticed Natasha
  2176 | D:3      | Killed Natasha
  2176 | D:3      | Reached XP level 5. HP: 53/53 MP: 4/4
  2409 | D:3      | Noticed Natasha
  2413 | D:3      | Killed Natasha
  3144 | D:3      | Noticed Natasha
  3163 | D:3      | Killed Natasha
  3320 | D:4      | Found a shadowy altar of Dithmenos.
  3512 | D:4      | Reached XP level 6. HP: 47/61 MP: 5/5
  3763 | D:5      | Entered Level 5 of the Dungeon
  3783 | D:5      | Reached skill level 5 in Maces & Flails
  3971 | D:5      | Noticed ThereIsNoGod's ghost (novice DrIE)
  3979 | D:5      | HP: 1/61 [ThereIsNoGod's ghost (7)]
  3980 | D:5      | Succumbed to ThereIsNoGod's ghost's poison

Skill      XL: |  1  2  3  4  5  6 |
---------------+-------------------+-----
Maces & Flails | 3 4 5 |  5.1
Fighting       | 3 |  3.5
Dodging        | 3 |  3.6
Slings         | |  0.2
Stealth        | |  0.6

Action                   |  1- 3 |  4- 6 || total
-------------------------+-------+-------++-------
Melee: Mace              |   134 |   118 ||   252
 Fire: Hunting sling     |     2 |       ||     2
Invok: Berserk           |     1 |     1 ||     2
       Burn Spellbooks   |       |     1 ||     1
  Use: Scroll            |     5 |     4 ||     9
       Potion            |     1 |     1 ||     2
  Eat: Chunk             |     8 |    16 ||    24
       Bread ration      |     2 |     1 ||     3
       Meat ration       |     1 |       ||     1
       Royal jelly       |       |     1 ||     1
Armor: Animal skin       |    73 |    29 ||   102
Dodge: Dodged            |   113 |    79 ||   192
